 Dungeon Crawl Stone Soup version 0.23.2-1-ga50397a6bc (webtiles) character file.

Game seed: 10550967961680545173

246 Freyura the Spear-Bearer (level 6, 0/46 HPs)
             Began as a Merfolk Gladiator on May 25, 2019.
             Was a Follower of Zin.
             Killed from afar by an orc wizard (8 damage)
             ... with a magic dart
             ... on level 3 of the Dungeon.
             The game lasted 00:06:55 (1652 turns).

Freyura the Spear-Bearer (Merfolk Gladiator)        Turns: 1652, Time: 00:06:55

Health: 0/46       AC:  6    Str: 15    XL:     6   Next: 11%
Magic:  6/6        EV: 13    Int:  7    God:    Zin [*.....]
Gold:   84         SH:  0    Dex: 17    Spells: 5/5 levels left

rFire    . . .     SeeInvis .   a - +1 trident
rCold    . . .     Gourm    .   (no shield)
rNeg     . . .     Faith    .   o - +0 ring mail
rPois    .         Spirit   .   c - +0 helmet
rElec    .         Reflect  .   (no cloak)
rCorr    .         Harm     .   (no gloves)
MR       .....                  (no boots)
Stlth    +.........             i - amulet of magic regeneration
HPRegen  0.15/turn              (no ring)
MPRegen  0.35/turn              (no ring)

@: no status effects
A: change form in water, swift swim, stealthy swim
a: Recite, Donate Gold, Renounce Religion


You were on level 3 of the Dungeon.
You worshipped Zin.
Zin was aware of your devotion.
You were hungry.

You visited 1 branch of the dungeon, and saw 3 of its levels.

You collected 93 gold pieces.
You donated 9 gold pieces to Zin.

Inventory:

Hand Weapons
 a - a +1 trident (weapon)
Missiles
 d - 3 throwing nets (quivered)
Armour
 b - a +0 leather armour
 c - a +0 helmet (worn)
 o - a +0 ring mail (worn)
Jewellery
 i - an amulet of magic regeneration (around neck)
Scrolls
 e - a scroll of random uselessness {unknown}
 g - a scroll of enchant weapon
 h - a scroll of identify
 m - 2 scrolls of teleportation {unknown}
 n - 2 scrolls of enchant armour {unknown}
 q - a scroll of remove curse {unknown}
Potions
 j - a potion of ambrosia {unknown}
 k - a potion of agility {unknown}
 l - a potion of cancellation {unknown}
 p - a potion of heal wounds {unknown}
Comestibles
 f - 4 rations


   Skills:
 + Level 2.8 Fighting
 * Level 8.7 Polearms
 - Level 2.0 Throwing
 + Level 0.5 Armour
 + Level 4.6 Dodging
 + Level 0.0 Invocations


You had 5 spell levels left.
You didn't know any spells.
Your spell library was empty.

Dungeon Overview and Level Annotations

Branches:
Dungeon (3/15)

Altars:
Xom
Zin


Message History

* * * LOW HITPOINT WARNING * * *
You puncture the orc wizard!
The orc wizard is almost dead.
The orc wizard gestures wildly while chanting.
The orc wizard blinks!
Evoke which item? (* to show all) (? for menu, Esc to quit)
Attack whom?
Press: ? - help, Dir - move target cursor You reach to attack!
You closely miss something.
You hear some strange, mumbled words.
A puff of flame appears from out of thin air!
The puff of flame hits you.
* * * LOW HITPOINT WARNING * * *
The orc wizard casts a spell.
The orc wizard blinks!
You closely miss something.
You hear some strange, mumbled words.
A magic dart appears from out of thin air!
The magic dart hits you!
You die...

#..............# ##.##
#.#########.##.# #..##
#.# #. #.###.### #.#
#.##......). #.#
#.##..)..#.# #.#
#..........# #.#
#..#......##
#.#########....#.....#
#.ยง..@.r.....###......
########..#..# #.##.##
###...# #.##.# #...##
### .# #.[.# .. ##r.#
>... . #..## #. ...# ..


You could see a rat.

Vanquished Creatures
  A big kobold (D:3)
  Jessica (D:2)
  4 gnolls (D:2)
  2 adders (D:3)
  An ooze (D:2)
  4 worms (D:2)
  5 dart slugs
  4 leopard geckos
  5 orcs (D:3)
  7 bats
  2 giant cockroaches (D:2)
  3 goblins
  9 hobgoblins
  2 jackals (D:2)
  5 kobolds
  A quokka (D:2)
  5 frilled lizards
  4 rats
65 creatures vanquished.

Notes
Turn   | Place    | Note
-------+----------+-------------------------------------------
     0 | D:1      | Freyura the Merfolk Gladiator began the quest for the Orb.
     0 | D:1      | Reached XP level 1. HP: 16/16 MP: 1/1
    93 | D:1      | Reached XP level 2. HP: 17/22 MP: 2/2
   120 | D:1      | Reached skill level 5 in Polearms
   643 | D:2      | Reached XP level 3. HP: 24/27 MP: 3/3
   716 | D:2      | Reached skill level 6 in Polearms
   724 | D:2      | Reached XP level 4. HP: 34/34 MP: 4/4
   984 | D:2      | Reached skill level 7 in Polearms
  1056 | D:2      | Noticed Jessica
  1062 | D:2      | Killed Jessica
  1062 | D:2      | Reached XP level 5. HP: 21/39 MP: 5/5
  1224 | D:2      | Found a glowing silver altar of Zin.
  1229 | D:2      | Became a worshipper of Zin the Law-Giver
  1514 | D:3      | Reached * piety under Zin
  1527 | D:3      | Reached skill level 8 in Polearms
  1577 | D:3      | Found a shimmering altar of Xom.
  1581 | D:3      | Noticed a big kobold
  1596 | D:3      | Killed a big kobold
  1596 | D:3      | Reached XP level 6. HP: 33/46 MP: 6/6
  1652 | D:3      | Killed from afar by an orc wizard

Skill      XL: |  1  2  3  4  5 |
---------------+----------------+-----
Polearms       | 5 6 7 8 |  8.7
Fighting       | |  2.8
Throwing       | |  2.0
Armour         | |  0.5
Dodging        | |  4.6

Action                   |  1- 3 |  4- 6 || total
-------------------------+-------+-------++-------
Melee: Trident           |    72 |   132 ||   204
  Use: Scroll            |     3 |       ||     3
       Potion            |     1 |       ||     1
 Stab: Invisible         |     2 |       ||     2
  Eat: Chunk             |       |     2 ||     2
Armor: Leather armour    |     5 |    12 ||    17
       Ring mail         |       |    11 ||    11
Dodge: Dodged            |    40 |    60 ||   100
